[ AOE2 MATCH · #460250751 ]
1v1 RMVikings vs Teutons
Player's team · LOSS
Rival team · WIN
[ REPLAY ANALYSIS · EXTRACTED FROM THE RECORDED GAME ]
Feudal
—
Castle
—
Imperial
—
| APM avg | 23.0 |
| APM peak | 65 |
| eAPM avg | 11.8 |
| Villagers / military | 70 / 60 |
Focus
⚔️ 24.5% · 🌾 75.5%
Archer ×23 · Monk ×11 · Spearman ×9 · Petard ×7 · Mangonel ×7 · Trebuchet (Packed) ×3
Feudal
11:46
Castle
16:22
Imperial
35:53
| APM avg | 30.4 |
| APM peak | 91 |
| eAPM avg | 17.4 |
| Villagers / military | 91 / 46 |
Focus
⚔️ 31.7% · 🌾 68.3%
Knight ×18 · Teutonic Knight ×14 · Battering Ram ×10 · Trebuchet (Packed) ×3 · Scout Cavalry ×1
Match map
Initial resources + every placement click. Lines = walls · curves = elevation contours. ◆ gold · ⬟ stone · ● berries · ✦ relic · ◌ wall gap
Your base· ✓ Closed at 15:59 · 0t walls · 4 gate(s)
Food, please's base· ✓ Closed at 16:22 · 22t walls · 3 gate(s)
Smoothed initial terrain · ◌ = detected wall gap · hover for details
Inputs per minute
— ScarePancake163 - - Food, please
Build order — ScarePancake163
First 150 of 182 actions detected
| 0:01 | Create | Villager (Male) |
| 0:03 | Build | House |
| 0:04 | Build | House |
| 0:19 | Create | Villager (Male) |
| 0:19 | Create | Villager (Male) |
| 0:19 | Create | Villager (Male) |
| 0:20 | Create | Villager (Male) |
| 1:27 | Create | Villager (Male) |
| 2:09 | Create | Villager (Male) |
| 2:17 | Create | Villager (Male) |
| 3:00 | Create | Villager (Male) |
| 3:17 | Create | Villager (Male) |
| 3:18 | Create | Villager (Male) |
| 3:36 | Build | House |
| 4:07 | Build | House |
| 4:18 | Create | Villager (Male) |
| 4:18 | Create | Villager (Male) |
| 4:45 | Create | Villager (Male) |
| 5:01 | Create | Villager (Male) |
| 5:02 | Create | Villager (Male) |
| 5:23 | Create | Villager (Male) |
| 6:38 | Build | Lumber Camp |
| 6:57 | Create | Villager (Male) |
| 6:58 | Create | Villager (Male) |
| 7:49 | Build | Mill |
| 7:52 | Create | Villager (Male) |
| 8:16 | Research | Feudal Age |
| 8:23 | Build | Mining Camp |
| 9:47 | Create | Villager (Male) |
| 9:47 | Create | Villager (Male) |
| 10:22 | Research | Loom |
| 10:26 | Create | Villager (Male) |
| 10:26 | Create | Villager (Male) |
| 10:33 | Research | Horse Collar |
| 10:52 | Research | Double-Bit Axe |
| 11:24 | Create | Villager (Male) |
| 11:26 | Build | House |
| 11:38 | Research | Horse Collar |
| 11:55 | Create | Villager (Male) |
| 11:55 | Create | Villager (Male) |
| 11:59 | Build | Farm |
| 12:02 | Build | Farm |
| 12:08 | Build | Farm |
| 12:09 | Build | Farm |
| 12:12 | Build | Farm |
| 12:20 | Build | Farm |
| 12:21 | Build | Farm |
| 12:25 | Build | Farm |
| 12:30 | Build | Farm |
| 12:33 | Build | Farm |
| 12:41 | Create | Villager (Male) |
| 12:42 | Create | Villager (Male) |
| 13:04 | Build | House |
| 13:14 | Build | Farm |
| 13:20 | Create | Villager (Male) |
| 13:52 | Build | Barracks |
| 13:56 | Create | Villager (Male) |
| 13:56 | Create | Villager (Male) |
| 14:49 | Build | Archery Range |
| 14:56 | Build | Blacksmith |
| 15:01 | Create | Villager (Male) |
| 15:26 | Create | Villager (Male) |
| 15:36 | Research | Gold Mining |
| 15:55 | Build | Mining Camp |
| 15:59 | Research | Castle Age |
| 16:04 | Build | House |
| 16:09 | Create | Archer |
| 16:36 | Create | Archer |
| 17:14 | Create | Archer ×2 |
| 17:52 | Build | Stone Wall |
| 18:09 | Create | Archer ×5 |
| 18:16 | Create | Villager (Male) |
| 18:16 | Create | Villager (Male) |
| 18:16 | Create | Villager (Male) |
| 18:16 | Create | Villager (Male) |
| 18:41 | Build | Monastery |
| 18:46 | Build | Monastery |
| 19:04 | Build | House |
| 19:05 | Build | House |
| 19:06 | Build | House |
| 19:07 | Build | House |
| 19:25 | Create | Monk |
| 19:28 | Create | Monk |
| 19:31 | Create | Monk |
| 19:31 | Create | Monk |
| 19:55 | Build | Palisade Wall |
| 20:01 | Create | Villager (Male) |
| 20:03 | Create | Villager (Male) |
| 20:08 | Build | Palisade Gate |
| 20:24 | Build | Palisade Gate |
| 20:45 | Create | Monk ×3 |
| 21:36 | Create | Villager (Male) |
| 21:36 | Create | Villager (Male) |
| 21:37 | Create | Villager (Male) |
| 21:37 | Create | Villager (Male) |
| 21:56 | Create | Villager (Male) |
| 22:11 | Create | Archer ×5 |
| 22:12 | Research | Crossbowman (upgrade) |
| 22:18 | Research | Fletching |
| 22:38 | Build | Archery Range |
| 22:47 | Create | Monk |
| 22:48 | Create | Monk |
| 22:51 | Create | Villager (Male) |
| 22:51 | Create | Villager (Male) |
| 22:54 | Build | House |
| 23:04 | Build | Farm |
| 23:19 | Create | Archer |
| 23:28 | Research | Bodkin Arrow |
| 24:02 | Create | Villager (Male) |
| 24:02 | Create | Villager (Male) |
| 24:03 | Create | Villager (Male) |
| 24:07 | Build | Farm |
| 24:19 | Build | House |
| 24:20 | Build | House |
| 24:20 | Build | House |
| 24:24 | Build | Farm |
| 24:24 | Build | Farm |
| 24:24 | Build | Farm |
| 24:24 | Build | Farm |
| 24:25 | Build | Farm |
| 24:25 | Build | Farm |
| 24:40 | Research | Town Watch |
| 24:42 | Create | Villager (Male) |
| 24:47 | Create | Archer ×5 |
| 25:15 | Create | Villager (Male) |
| 25:16 | Create | Villager (Male) |
| 25:16 | Create | Villager (Male) |
| 25:16 | Create | Villager (Male) |
| 25:16 | Create | Villager (Male) |
| 25:16 | Create | Villager (Male) |
| 26:11 | Create | Archer ×3 |
| 26:23 | Create | Villager (Male) |
| 26:36 | Create | Spearman ×2 |
| 26:36 | Create | Spearman ×2 |
| 27:10 | Research | Pikeman (upgrade) |
| 27:29 | Build | Castle |
| 28:44 | Create | Petard ×5 |
| 28:57 | Build | Siege Workshop |
| 29:22 | Build | Lumber Camp |
| 29:45 | Create | Mangonel |
| 29:45 | Create | Mangonel |
| 29:52 | Build | Siege Workshop |
| 29:57 | Create | Villager (Male) |
| 29:57 | Create | Villager (Male) |
| 29:58 | Create | Villager (Male) |
| 30:55 | Create | Petard |
| 30:55 | Create | Petard |
| 31:13 | Create | Mangonel |
| 31:13 | Create | Mangonel |
| 31:14 | Create | Mangonel |
Build order — Food, please
First 150 of 168 actions detected
| 0:01 | Create | Villager (Male) ×4 |
| 0:04 | Build | House |
| 0:06 | Build | House |
| 1:41 | Create | Villager (Male) |
| 1:41 | Create | Villager (Male) |
| 2:03 | Create | Villager (Male) |
| 2:03 | Create | Villager (Male) |
| 2:04 | Create | Villager (Male) |
| 2:51 | Create | Villager (Male) |
| 2:51 | Create | Villager (Male) ×2 |
| 2:55 | Build | Lumber Camp |
| 3:10 | Create | Villager (Male) |
| 3:37 | Create | Villager (Male) |
| 4:04 | Build | House |
| 4:05 | Build | House |
| 4:36 | Create | Villager (Male) |
| 5:01 | Build | Mining Camp |
| 5:11 | Create | Villager (Male) |
| 5:11 | Create | Villager (Male) ×3 |
| 5:11 | Create | Villager (Male) ×3 |
| 5:18 | Create | Villager (Male) |
| 6:09 | Build | Mill |
| 6:11 | Create | Villager (Male) |
| 6:11 | Create | Villager (Male) |
| 6:40 | Create | Villager (Male) ×3 |
| 7:44 | Build | House |
| 7:45 | Build | House |
| 8:07 | Build | Mill |
| 8:57 | Create | Villager (Male) |
| 9:36 | Research | Feudal Age |
| 9:39 | Build | Farm |
| 9:40 | Build | Farm |
| 9:41 | Build | Farm |
| 9:43 | Build | Farm |
| 11:36 | Create | Villager (Male) |
| 11:36 | Create | Villager (Male) |
| 11:40 | Research | Loom |
| 11:46 | Age | Feudal Age |
| 12:04 | Build | Stone Wall |
| 12:12 | Build | Farm |
| 12:13 | Build | Farm |
| 12:14 | Build | Farm |
| 12:15 | Build | Farm |
| 12:17 | Build | Farm |
| 12:18 | Build | Farm |
| 12:26 | Create | Villager (Male) |
| 12:27 | Create | Villager (Male) |
| 12:31 | Build | Market |
| 12:34 | Build | Blacksmith |
| 13:15 | Create | Villager (Male) |
| 13:39 | Research | Castle Age |
| 14:51 | Research | Double-Bit Axe |
| 15:16 | Research | Horse Collar |
| 15:18 | Research | Gold Mining |
| 15:28 | Build | Barracks |
| 16:01 | Build | Stable |
| 16:09 | Research | Forging |
| 16:12 | Research | Scale Barding Armor |
| 16:20 | Create | Villager (Male) ×4 |
| 16:22 | Age | Castle Age |
| 16:24 | Research | Wheelbarrow |
| 16:34 | Create | Knight |
| 16:47 | Build | Farm |
| 16:53 | Create | Knight |
| 17:11 | Research | Bloodlines |
| 17:47 | Build | Farm |
| 18:08 | Build | Town Center |
| 18:12 | Create | Villager (Male) ×3 |
| 18:18 | Build | House |
| 18:20 | Build | House |
| 18:36 | Build | Farm |
| 19:00 | Create | Knight |
| 19:05 | Create | Villager (Male) |
| 19:08 | Build | Farm |
| 19:42 | Create | Villager (Male) |
| 19:45 | Create | Villager (Male) ×5 |
| 21:04 | Research | Hand Cart |
| 21:07 | Create | Villager (Male) |
| 22:11 | Research | Bow Saw |
| 22:19 | Build | Town Center |
| 22:27 | Create | Villager (Male) ×4 |
| 22:35 | Create | Scout Cavalry |
| 22:56 | Create | Villager (Male) ×2 |
| 23:03 | Create | Villager (Male) |
| 23:17 | Build | Mining Camp |
| 23:22 | Create | Villager (Male) ×2 |
| 23:23 | Create | Villager (Male) |
| 23:28 | Build | Mill |
| 23:28 | Build | Farm |
| 23:28 | Build | Farm |
| 23:28 | Build | Farm |
| 23:34 | Build | Farm |
| 23:41 | Build | Farm |
| 23:44 | Create | Villager (Male) |
| 23:44 | Create | Villager (Male) |
| 23:58 | Build | Farm |
| 24:01 | Create | Villager (Male) |
| 24:10 | Create | Villager (Male) ×2 |
| 24:15 | Build | Lumber Camp |
| 24:17 | Build | House |
| 24:19 | Build | House |
| 24:42 | Create | Villager (Male) ×2 |
| 24:42 | Create | Villager (Male) |
| 24:43 | Create | Villager (Male) |
| 24:55 | Build | Mining Camp |
| 25:03 | Create | Knight ×3 |
| 25:19 | Build | Town Center |
| 25:23 | Create | Villager (Male) |
| 25:47 | Create | Villager (Male) ×4 |
| 26:03 | Build | Siege Workshop |
| 26:06 | Build | Siege Workshop |
| 26:13 | Create | Villager (Male) ×2 |
| 26:17 | Build | House |
| 26:18 | Build | House |
| 26:18 | Build | House |
| 26:45 | Create | Knight ×3 |
| 26:53 | Research | Forging |
| 27:00 | Build | Farm |
| 27:13 | Build | Castle |
| 27:20 | Create | Knight ×3 |
| 28:25 | Create | Teutonic Knight ×4 |
| 28:29 | Create | Battering Ram ×2 |
| 28:29 | Create | Battering Ram ×2 |
| 29:11 | Build | Castle |
| 29:22 | Build | House |
| 29:24 | Build | House |
| 30:17 | Create | Battering Ram ×3 |
| 30:17 | Create | Battering Ram ×3 |
| 30:53 | Research | Fletching |
| 30:53 | Research | Fletching |
| 31:17 | Build | Castle |
| 32:36 | Create | Villager (Male) ×5 |
| 32:43 | Research | Imperial Age |
| 32:43 | Research | Imperial Age |
| 33:04 | Build | Stable |
| 33:05 | Build | Stable |
| 33:07 | Build | Stable |
| 33:10 | Create | Villager (Male) ×2 |
| 33:10 | Create | Villager (Male) ×3 |
| 33:10 | Create | Villager (Male) |
| 33:12 | Build | Lumber Camp |
| 33:35 | Create | Villager (Male) |
| 33:35 | Create | Villager (Male) |
| 33:49 | Build | Farm |
| 33:52 | Create | Villager (Male) ×2 |
| 33:56 | Build | Farm |
| 34:15 | Create | Knight ×2 |
| 34:20 | Build | Mining Camp |
| 34:31 | Build | Mining Camp |
| 34:40 | Create | Teutonic Knight |
Match timeline
| 11:46 | Food, please · age_up feudal |
| 12:04 | Food, please · wall_segment Stone Wall x22 |
| 13:52 | ScarePancake163 · first_building Barracks |
| 14:49 | ScarePancake163 · first_building Archery Range |
| 15:28 | Food, please · first_building Barracks |
| 16:01 | Food, please · first_building Stable |
| 16:22 | Food, please · age_up castle |
| 17:52 | ScarePancake163 · wall_segment Stone Wall x1 |
| 17:58 | Food, please · first_market_sell 100 food |
| 17:59 | Food, please · first_market_buy 100 stone |
| 18:41 | ScarePancake163 · first_building Monastery |
| 19:55 | ScarePancake163 · wall_segment Palisade Wall x4 |
| 26:03 | Food, please · first_building Siege Workshop |
| 27:13 | Food, please · first_building Castle |
| 27:29 | ScarePancake163 · first_building Castle |
| 28:57 | ScarePancake163 · first_building Siege Workshop |
| 33:29 | ScarePancake163 · first_market_sell 500 wood |
| 33:35 | ScarePancake163 · first_market_buy 100 stone |
| 35:53 | Food, please · age_up imperial |
| 38:25 | ScarePancake163 · resign |
[ AI ANALYSIS · 1 CREDIT ]
What really happened in this match?
Wolo.gg analyzes every decision: build order, eco, micro, common mistakes by bracket. Personalized analysis on WhatsApp or Discord in 30 seconds.
Civ guide
Vikings
Map guide
Hideout
Perfil
Jugador #1827849